 Dungeon Crawl Stone Soup version 0.28-a0-422-gd71735cc25 (webtiles) character file.

Game seed: 5767295043262169564

32 bjtr the Conjurer (level 2, -3/23 HPs)
             Began as a Demigod Conjurer on Sept 9, 2021.
             Slain by an ogre (7 damage)
             ... on level 6 of the Dungeon.
             The game lasted 00:07:39 (1789 turns).

bjtr the Conjurer (Demigod Conjurer)                Turns: 1789, Time: 00:07:42

Health: -3/23      AC:  3    Str:  8    XL:     2   Next: 93%
Magic:  7/7        EV: 15    Int: 20    God:
Gold:   75         SH:  0    Dex: 12    Spells: 2/5 levels left

rFire   . . .      SeeInvis .   m - +1 spear
rCold   . . .      Faith    .   (no shield)
rNeg    . . .      Spirit   .   e - +0 leather armour
rPois   +          Reflect  .   (no helmet)
rElec   .          Harm     .   (no cloak)
rCorr   .          Rampage  .   (no gloves)
Will    .....                   (no boots)
Stlth   ++........              (no amulet)
HPRegen 0.07/turn               k - ring of poison resistance
MPRegen 0.10/turn               c - +4 ring of evasion

@: no status effects
A: high mp 1, forlorn
a: no special abilities


You were on level 6 of the Dungeon.
You visited 1 branch of the dungeon, and saw 4 of its levels.

You collected 75 gold pieces.

Inventory:

Hand Weapons
 g - a +0 club
 h - a +0 dagger
 i - a +0 short sword
 m - a +1 spear (weapon)
Missiles
 d - 24 sling bullets
 l - 85 stones
Armour
 a - a +0 robe
 e - a +0 leather armour (worn)
Jewellery
 c - a +4 ring of evasion (right hand)
 k - a ring of poison resistance (left hand)
Potions
 b - 3 potions of curing {unknown}
 f - a potion of magic {unknown}
 o - a potion of flight {unknown}


   Skills:
 * Level 1.0 Fighting
 * Level 0.2 Armour
 + Level 2.0 Dodging
 + Level 1.7 Stealth
 * Level 2.0 Spellcasting
 + Level 4.0 Conjurations


You had 2 spell levels left.
You knew the following spells:

 Your Spells              Type           Power      Damage    Failure   Level
a - Magic Dart            Conj           72%        1d6       4%          1
b - Searing Ray           Conj           36%        2d5       6%          2

Your spell library contained the following spells:

 Spells                   Type           Power      Damage    Failure   Level
 Slow                     Hex            2%         N/A       32%         2
 Dazzling Flash           Conj/Hex       20%        N/A       28%         3
 Confusing Touch          Hex            2%         N/A       54%         3
 Fulminant Prism          Conj/Hex       5%         3d7       67%         4
 Iskenderun's Mystic Bla  Conj/Tloc      10%        2d4       67%         4
 Yara's Violent Unravell  Hex/Tmut       1%         3d3       99%         5


Dungeon Overview and Level Annotations

Branches:
Dungeon (3/15)

Annotations:
D:6 Crazy Yiuf


Innate Abilities, Weirdness & Mutations

Your attributes grow dramatically as you level up.
You have an increased reservoir of magic. (+10% MP)
You shall have no god before yourself.


Message History

A kobold comes into view. It is wielding a +0 short sword.
Found a smoky black potion.
Found 4 large rocks.
The kobold shouts!
The kobold hits you with a +0 short sword.
You closely miss the kobold. The kobold closely misses you.
You barely miss the kobold. The kobold barely misses you.
You hit the kobold.
The kobold is moderately wounded.
The kobold barely misses you.
You hit the kobold.
You kill the kobold!
l - 85 stones (gained 4)
You see here a +0 short sword.
i - a +0 short sword You hear the rusting of a very distant drain.
Found a stone staircase leading down.
Found an escape hatch in the floor.
Found a stone staircase leading up.
You fall into a shaft and drop 3 floors!
The shaft crumbles and collapses.
An orc and an ogre come into view.
The ogre shouts!
The orc shouts!
You hear a shout!
An orc comes into view. It is wielding a +0 hand axe.
Found a mace.
Found a runed translucent door.
You aren't carrying any scrolls.
Okay, then.
You open the door.
Crazy Yiuf cries, "Earwax fast verde!"
You hit Crazy Yiuf.
Crazy Yiuf is lightly wounded.
Crazy Yiuf hits you with a +2 quarterstaff of chaos!
Crazy Yiuf burns you.
You hit Crazy Yiuf.
Crazy Yiuf is lightly wounded.
Crazy Yiuf hits you with a +2 quarterstaff of chaos!
* * * LOW HITPOINT WARNING * * *
Crazy Yiuf draws strength from your wounds!
The ogre hits you with a +0 giant spiked club!
You die...

### ♣♣####
#)..#♣♣ ♣♣O...##
#...g@♣♣♣♣.P....#
#...#♣O.♣..P....#
### ♣♣♣.♣......#
♣♣♣♣♣##.## ...
.... ..o ...o


You could see an ogre and Crazy Yiuf.

Vanquished Creatures
  3 bats
  7 endoplasms
  5 goblins
  A hobgoblin (D:2)
  2 jackals (D:1)
  3 quokkas (D:1)
  2 ball pythons
  2 kobolds
  2 rats
27 creatures vanquished.

Notes
Turn   | Place    | Note
-------+----------+-------------------------------------------
     0 | D:1      | bjtr the Demigod Conjurer began the quest for the Orb.
     0 | D:1      | Reached XP level 1. HP: 14/14 MP: 5/5
   374 | D:1      | Reached XP level 2. HP: 22/22 MP: 5/7
   377 | D:1      | Learned a level 2 spell: Searing Ray
   882 | D:2      | Reached skill level 4 in Conjurations
  1320 | D:2      | Reached skill level 1 in Fighting
  1779 | D:3      | You fall into a shaft and drop 3 floors!
  1779 | D:6      | Noticed an ogre
  1783 | D:6      | Found a runed translucent door.
  1784 | D:6      | Noticed Crazy Yiuf
  1789 | D:6      | Slain by an ogre

Illustrated notes

Levels and vault maps discovered:
D:1:      zaba_arrival_water, layout_basic
D:2:      layout_basic, ebering_ecumenical_altar_hall, hex_medium
D:3:      layout_basic, lemuel_coloured_pillars_altar,
          cheibrodos_sewer_entry_bend, serial_shops, nicolae_square_shop
D:6:      layout_rooms, mainiacjoe_overflow_alcove_2, amcnicky_mini_pool_small,
          uniq_maggie, uniq_crazy_yiuf_cottage

Skill      XL: |  1  2 |
---------------+-------+-----
Dodging        | 2 |  2.0
Conjurations   | 4 |  4.0
Spellcasting   | 2 |  2.0
Fighting       | 1 |  1.0
Armour         | |  0.2
Stealth        | |  1.7

Action                   || total
-------------------------++-------
Melee: Spear             ||    11
       Dagger            ||     7
 Cast: Magic Dart        ||    30
       Searing Ray       ||     8
  Use: Scroll            ||     4
 Stab: Sleeping          ||     1
Armor: Leather armour    ||     1
Dodge: Dodged            ||    10

Table legend: (Time is in decaauts)
 A = Elapsed time spent in this place.
 B = Non-inter-level travel time spent in this place.
 C = Inter-level travel time spent in this place.
 D = Time resting spent in this place.
 E = Time spent auto-exploring this place.
 F = Levels seen in this place.
 G = Mean time per level.
                   A        B        C        D        E       F      G
               +--------+--------+--------+--------+--------+-----+--------+
         Total |   1793 |   1734 |     59 |    156 |   1286 |   4 |  448.2 |
       Dungeon |   1793 |   1734 |     59 |    156 |   1286 |   4 |  448.2 |
               +--------+--------+--------+--------+--------+-----+--------+

Top non-repeatable levels by time:
     D:2: 831 daAuts
     D:1: 772 daAuts
     D:3: 179 daAuts
     D:6: 9 daAuts
